 Dungeon Crawl Stone Soup version 0.26-a0-952-g76694b35de (webtiles) character file.

Game seed: 9616551900030161946

6342 pkoi the Archer (level 10, -5/90 HPs)
             Began as a Minotaur Hunter on Nov 29, 2020.
             Was a Priest of Okawaru.
             Slain by an unseen horror (6 damage)
             ... on level 10 of the Dungeon.
             The game lasted 00:14:38 (10955 turns).

pkoi the Archer (Minotaur Hunter)                  Turns: 10955, Time: 00:14:38

Health: -5/90      AC: 11    Str: 26    XL:     10   Next: 64%
Magic:  9/9        EV: 15    Int:  8    God:    Okawaru [***...]
Gold:   826        SH:  0    Dex: 11    Spells: 9/9 levels left

rFire    . . .     SeeInvis .   a - +2 shortbow (flame)
rCold    . . .     Faith    .   (shield currently unavailable)
rNeg     . . .     Spirit   .   c - +0 leather armour
rPois    .         Reflect  .   (helmet restricted)
rElec    .         Harm     .   (no cloak)
rCorr    .         Rampage  .   o - +0 pair of gloves
MR       .....                  H - +1 pair of boots
Stlth    +.........             (no amulet)
HPRegen  0.25/turn              j - +4 ring of protection
MPRegen  0.11/turn              N - +6 ring of strength

@: no status effects
A: retaliatory headbutt, horns 2
a: Heroism, Renounce Religion


You were on level 10 of the Dungeon.
You worshipped Okawaru.
Okawaru was most pleased with you.
You visited 2 branches of the dungeon, and saw 11 of its levels.
You also visited: Ossuary.

You collected 871 gold pieces.
You spent 45 gold pieces at shops.

Inventory:

Hand Weapons
 a - a +2 shortbow of flaming (weapon)
 b - a +0 short sword
 z - a +1 dagger of speed
 B - a +2 shortbow of freezing
Missiles
 r - 23 arrows (quivered)
Armour
 c - a +0 leather armour (worn)
 o - a +0 pair of gloves (worn)
 H - a +1 pair of boots (worn)
Jewellery
 e - an uncursed ring of wizardry
 i - an uncursed ring of resist corrosion
 j - a +4 ring of protection (left hand)
 n - an uncursed ring of protection from cold
 p - a +6 ring of dexterity {unknown}
 I - an uncursed amulet of reflection {unknown}
 J - an uncursed ring of protection from cold
 N - a +6 ring of strength (right hand)
Wands
 s - a wand of disintegration (20)
 v - a wand of paralysis (6)
 y - a wand of flame (13)
 D - a wand of digging (4)
 G - a wand of acid (6)
 K - a wand of polymorph (7)
 M - a wand of random effects (16)
Scrolls
 g - 3 scrolls of magic mapping
 h - 10 scrolls of identify
 k - 4 scrolls of teleportation
 m - 3 scrolls of amnesia
 x - 4 scrolls of blinking
 A - 7 scrolls of remove curse
 F - a scroll of enchant armour
Potions
 d - a potion of ambrosia
 f - 2 potions of heal wounds
 l - a potion of flight
 q - a potion of cancellation {unknown}
 t - 2 potions of berserk rage
 u - 5 potions of curing
 w - 2 potions of resistance
 C - 2 potions of might
 E - 3 potions of haste
 L - a potion of invisibility


   Skills:
 + Level 8.5 Fighting
 + Level 12.6 Bows
 + Level 8.0 Armour
 + Level 7.8 Dodging
 - Level 0.7 Stealth


You had 9 spell levels left.
You didn't know any spells.
Your spell library contained the following spells:

 Spells                   Type           Power        Failure   Level
 Summon Small Mammal      Summ           #...         43%         1
 Call Imp                 Summ           #.......     58%         2
 Passwall                 Tmut/Erth      #.......     58%         2
 Swiftness                Air            #.......     58%         2
 Call Canine Familiar     Summ           #.......     82%         3
 Summon Guardian Golem    Hex/Summ       #.......     82%         3
 Passage of Golubria      Tloc           N/A          99%         4
 Summon Ice Beast         Ice/Summ       #.......     99%         4
 Summon Lightning Spire   Summ/Air       #.......     99%         4
 Bolt of Magma            Conj/Fire/Erth #.........   100%        5
 Iskenderun's Battlesphe  Conj           #.......     100%        5
 Lee's Rapid Deconstruct  Erth           #.........   100%        5
 Invisibility             Hex            #.......     100%        6
 Iron Shot                Conj/Erth      #.........   100%        6
 Orb of Destruction       Conj           #.........   100%        7
 Spellforged Servitor     Conj/Summ      #.........   100%        7


Dungeon Overview and Level Annotations

Branches:
Dungeon (10/15)            Temple (1/1) D:7            Lair (0/6) D:9
Ossuary (visited)
    Orc: D:9-12

Altars:
Ashenzari
Cheibriados
Dithmenos
Fedhas
Gozag
Hepliaklqana
Kikubaaqudgha
Nemelex Xobeh
Okawaru
Ru
Sif Muna
Trog
Uskayaw
Vehumet
Wu Jian
Xom
Zin
The Shining One

Shops:
D:5 }   D:6 (   D:8 !   D:9 [[:}[

Annotations:
D:10 exclusion: obsidian statue


Innate Abilities, Weirdness & Mutations

You reflexively headbutt those who attack you in melee.
You have a pair of horns on your head.


Message History

Something hits you.
* * * LOW HITPOINT WARNING * * *
Something hits you.
* * * LOW HITPOINT WARNING * * *
Something hits you but does no damage. Something hits you but does no damage.
Something hits you.
* * * LOW HITPOINT WARNING * * *
Something hits you.
* * * LOW HITPOINT WARNING * * *
Something hits you but does no damage. Something hits you.
* * * LOW HITPOINT WARNING * * *
Something hits you.
* * * LOW HITPOINT WARNING * * *
Something barely misses you. Something hits you.
* * * LOW HITPOINT WARNING * * *
Something hits you but does no damage. Something hits you.
You die...

##...#....# #......
##..###....## ##...# ...##
#.....## #...# .†## #......#
##...# .##
#(.....###.))##.....# ##
#.......##.÷###..... #
#...........# #!...#
##...........###....##
#.......##.@.##......
######......####Z..#....#
...........## ##.......#
..........## #....<..#...
.........## ##...........#
.........# ##...........##
.........## ##....##........
##........####....####..#....
##....###...#.....# ...#...


You could see a centaur warrior skeleton.

Vanquished Creatures
  A two-headed ogre (D:9)
  Pikel (D:5)
  A centaur zombie (D:10)
  Joseph (D:8)
  Sigmund (D:6)
  A wyvern (D:8)
  A steam dragon (D:10)
  Menkaure (D:4)
  4 orc warriors
  3 sky beasts
  A black bear (D:8)
  A phantom (D:6)
  An ice beast (D:8)
  5 ogres
  2 centaurs
  3 lemures
  4 bullfrogs
  2 gnoll sergeants
  A scorpion (D:5)
  A wyvern skeleton (D:9)
  6 killer bees (D:8)
  5 wights (D:6)
  An electric eel (D:10)
  A bullfrog zombie (D:8)
  3 jellies
  3 orc priests
  8 hounds
  8 orc wizards
  2 bullfrog skeletons
  A centaur skeleton (D:7)
  2 iguanas (D:9)
  7 worker ants
  A big kobold zombie (Ossuary)
  9 mummies
  Robin (D:2)
  19 gnolls
  13 adders
  A shadow imp (D:7)
  4 white imps
  3 ufetubi
  2 worms (D:3)
  3 dart slugs
  7 leopard geckos
  26 orcs
  6 giant cockroaches
  3 gnoll zombies (Ossuary)
  13 goblins
  7 hobgoblins
  8 jackals
  3 quokkas
  2 ball pythons (D:2)
  3 frilled lizards
  2 hobgoblin zombies
  A jackal zombie (D:9)
  4 kobolds
  A kobold zombie (Ossuary)
  3 orc zombies
  A quokka skeleton (D:4)
  A quokka zombie (D:9)
  8 rats
238 creatures vanquished.

Notes
Turn   | Place    | Note
-------+----------+-------------------------------------------
     0 | D:1      | pkoi the Minotaur Hunter began the quest for the Orb.
     0 | D:1      | Reached XP level 1. HP: 18/18 MP: 0/0
   251 | D:1      | Reached XP level 2. HP: 25/25 MP: 1/1
   457 | D:2      | Reached skill level 5 in Bows
   500 | D:2      | Found a bloodstained altar of Trog.
   589 | D:2      | Found a sacrificial altar of Ru.
   589 | D:2      | Found an ancient bone altar of Kikubaaqudgha.
   598 | D:2      | Reached XP level 3. HP: 30/30 MP: 2/2
   603 | D:2      | Noticed Robin
   620 | D:2      | Killed Robin
   771 | D:2      | Reached skill level 6 in Bows
  1304 | D:3      | Reached XP level 4. HP: 37/37 MP: 3/3
  1585 | D:3      | Noticed an orc warrior
  1893 | D:3      | Found a blossoming altar of Fedhas.
  2410 | D:3      | Reached skill level 7 in Bows
  2410 | D:3      | Reached XP level 5. HP: 39/42 MP: 4/4
  2487 | D:4      | Noticed Menkaure
  2663 | D:4      | Noticed an ogre
  2678 | D:3      | Killed an ogre
  2855 | D:4      | Reached skill level 8 in Bows
  2960 | D:4      | Reached XP level 6. HP: 39/50 MP: 5/5
  3446 | D:4      | Killed Menkaure
  3447 | D:4      | Reached skill level 9 in Bows
  3870 | D:5      | Entered Level 5 of the Dungeon
  3872 | D:5      | Noticed a sky beast
  3886 | D:5      | Killed a sky beast
  3887 | D:5      | Reached XP level 7. HP: 38/56 MP: 6/6
  4126 | D:5      | Found Mocux's Gadget Shoppe.
  4257 | D:5      | Reached skill level 10 in Bows
  4779 | D:5      | Found a hazy altar of Hepliaklqana.
  5009 | D:5      | Found a snail-covered altar of Cheibriados.
  5073 | D:5      | Reached skill level 1 in Armour
  5120 | D:5      | Found a snail-covered altar of Cheibriados.
  5216 | D:6      | Reached XP level 8. HP: 62/62 MP: 7/7
  5237 | D:6      | Noticed Pikel
  5320 | D:6      | Found Kozixzoy's Weapon Shop.
  5323 | D:6      | Noticed Sigmund
  5330 | D:6      | Killed Sigmund
  5562 | D:6      | Reached skill level 11 in Bows
  6075 | D:5      | Killed Pikel
  6076 | D:5      | Reached skill level 5 in Fighting
  6076 | D:5      | Reached XP level 9. HP: 33/74 MP: 8/8
  6523 | D:7      | Found a staircase to the Ecumenical Temple.
  6537 | Temple   | Entered the Ecumenical Temple
  6619 | Temple   | Became a worshipper of Warmaster Okawaru
  6656 | D:7      | Found a sand-covered staircase.
  6666 | Ossuary  | Entered an ossuary
  6729 | Ossuary  | Reached skill level 5 in Dodging
  7200 | D:7      | Reached skill level 5 in Armour
  7715 | D:8      | Found Ileybiet's Distillery.
  7741 | D:8      | Bought a potion of attraction for 45 gold pieces
  7778 | D:8      | Noticed Joseph
  7791 | D:8      | Killed Joseph
  7791 | D:8      | Reached * piety under Okawaru
  8319 | D:8      | Reached skill level 12 in Bows
  8322 | D:8      | Reached ** piety under Okawaru
  8962 | D:8      | Reached XP level 10. HP: 77/86 MP: 9/9
  9183 | D:9      | Found Joexeehi's Armour Emporium.
  9215 | D:9      | Noticed a two-headed ogre
  9233 | D:9      | Killed a two-headed ogre
  9609 | D:9      | Found Quir's Book Boutique.
  9643 | D:9      | Found Xuruotsopla's Armour Shop.
  9675 | D:9      | Found a staircase to the Lair.
  9692 | D:9      | Found Ovexakoe's Gadget Shoppe.
  9806 | D:9      | Identified the cursed +0 leather armour of the Barnacle
                  | {Str+3 Int+4 Dex-3 Stlth+}
  9818 | D:9      | Reached *** piety under Okawaru
  9964 | D:9      | Found Foecef's Armour Emporium.
 10154 | D:9      | Found an opulent altar of Gozag.
 10154 | D:9      | Found a sparkling altar of Nemelex Xobeh.
 10370 | D:10     | Entered Level 10 of the Dungeon
 10434 | D:10     | Noticed an obsidian statue
 10439 | D:10     | Noticed a rust devil
 10953 | D:10     | HP: 1/90 [something (5)]
 10955 | D:10     | Slain by an unseen horror

Illustrated notes

Levels and vault maps discovered:
D:1:      scummos_arrival_forest, layout_rooms, corexii_hall_statues_x
D:2:      layout_loops_ring, bloody_trog, grunt_temple_overflow_open, uniq_robin
D:3:      layout_loops_corners, nicolae_overflow_hidden_temple
D:4:      layout_cave_pods, uniq_menkaure
D:5:      layout_basic, kennysheep_mini, lemuel_crystal_altar, serial_shops,
          shop, basic_altar
D:6:      layout_rooms, serial_shops, shop, uniq_sigmund, uniq_pikel
D:7:      layout_rooms, minmay_temple_entry_grid, nicolae_ossuary_entry_giza
D:8:      layout_loops_corners, serial_shops, nicolae_shop_waterfront,
          uniq_joseph
D:9:      layout_cave_pods, grunt_temple_overflow_opulence, lair_entry_dummy,
          serial_shops, shop, nicolae_shop_trees, shop_statue, shop, shop_statue
D:10:     layout_layer_cave, david_orc_1_choice, minivault_16,
          kennysheep_island_fort
Temple:   dpeg_chambers_temple

Skill      XL: |  1  2  3  4  5  6  7  8  9 10 |
---------------+-------------------------------+-----
Bows           | 5 6 7 8 9 10 11 12 | 12.6
Armour         | 1 4 6 8 |  8.0
Fighting       | 5 7 8 |  8.5
Dodging        | 4 6 7 |  7.8
Stealth        | |  0.7

Action                   |  1- 3 |  4- 6 |  7- 9 | 10-12 || total
-------------------------+-------+-------+-------+-------++-------
Melee: Short sword       |     4 |   106 |     5 |       ||   115
       Headbutt          |     1 |    18 |    20 |       ||    39
       Dagger            |       |       |    84 |       ||    84
       Shortbow          |       |       |       |     1 ||     1
 Fire: Shortbow          |    87 |    52 |   451 |   194 ||   784
  Use: Potion            |       |     1 |     3 |       ||     4
       Scroll            |       |       |    17 |     1 ||    18
Armor: Leather armour    |    10 |    48 |    48 |    26 ||   132
Dodge: Dodged            |    13 |    92 |   120 |    32 ||   257

Table legend: (Time is in decaauts)
 A = Elapsed time spent in this place.
 B = Non-inter-level travel time spent in this place.
 C = Inter-level travel time spent in this place.
 D = Time resting spent in this place.
 E = Time spent auto-exploring this place.
 F = Levels seen in this place.
 G = Mean time per level.
                   A        B        C        D        E       F      G
               +--------+--------+--------+--------+--------+-----+--------+
         Total |  10751 |  10251 |    500 |   2189 |   6203 |  12 |  895.9 |
       Dungeon |  10328 |   9828 |    500 |   2189 |   5970 |  10 | 1032.8 |
        Temple |     95 |     95 |      0 |      0 |      0 |   1 |   95.0 |
       Ossuary |    326 |    326 |      0 |      0 |    233 |   1 |  326.0 |
               +--------+--------+--------+--------+--------+-----+--------+

Top non-repeatable levels by time:
     D:5: 1553 daAuts
     D:8: 1485 daAuts
     D:3: 1372 daAuts
     D:9: 1343 daAuts
     D:4: 1080 daAuts
     D:6: 969 daAuts
     D:2: 963 daAuts
     D:7: 733 daAuts
     D:1: 445 daAuts
    D:10: 382 daAuts
 Ossuary: 326 daAuts
  Temple: 95 daAuts
